 Dungeon Crawl Stone Soup version 0.25.1-11-g244df3a29b (webtiles) character file.

Game seed: 15594972376509355557

1428309 DeepDeath the Conqueror (level 27, 298/298 HPs)
             Began as a Naga Berserker on Dec 12, 2023.
             Was a High Priest of Trog.
             Escaped with the Orb
             ... and 3 runes on Dec 18, 2023!
             The game lasted 09:07:45 (118996 turns).

DeepDeath the Conqueror (Naga Berserker)          Turns: 118996, Time: 09:07:45

Health: 298/298    AC: 36    Str: 29    XL:     27
Magic:  29/29      EV: 14    Int: 22    God:    Trog [*****.]
Gold:   2358       SH: 27    Dex: 15    Spells: 26/26 levels left

rFire    + + +     SeeInvis +   w - +8 trident of the Octopus King {venom, rElec rPois MR+}
rCold    + + +     Gourm    .   x - +5 tower shield of Proximity {Str+7}
rNeg     + + +     Faith    .   H - +5 chain mail "Xamuni" {rC++}
rPois    +         Spirit   .   O - -3 helmet of Caynune {rN++}
rElec    +         Reflect  .   M - +2 cloak {rCorr}
rCorr    +         Harm     .   B - +2 pair of gloves {archery}
MR       ++++.                  i - +0 naga barding of Somewhere Else {Int+10 Stlth+}
Stlth    ++........             o - amulet "Erphiloi" {Acrobat rElec rF+ rN+ Stlth-}
HPRegen  0.59/turn              k - ring "Ytseuna" {rElec rF+ rC+ rN+}
MPRegen  0.21/turn              U - ring of protection from fire

@: very slow
A: large, claws 1, repulsion field 1, see invisible, clever 1, clumsy 1,
deformed body, poison resistance, slowness 2, slow metabolism 1, spit poison 1,
weak 1, constrict 1, AC +9
0: Orb of Zot
}: 3/15 runes: serpentine, barnacled, silver
a: Spit Poison, Berserk, Trog's Hand, Brothers in Arms, Renounce Religion


You escaped.
You worshipped Trog.
Trog was extremely pleased with you.
You were full.

You visited 11 branches of the dungeon, and saw 53 of its levels.
You visited 3 bazaars.
You also visited: Trove, Sewer, Ossuary, Bailey and Wizlab.

You collected 11625 gold pieces.
You spent 9267 gold pieces at shops.

Inventory:

Hand Weapons
 d - the +6 broad axe "Kiumueli" {vorpal, *Corrode Str+4 Dex+7}
   (Trog gifted it to you on level 5 of the Realm of Zot)

   It inflicts extra damage upon your enemies.
   It affects your strength (+4).
   It affects your dexterity (+7).
   It may corrode you when you take damage.
 e - the +10 war axe "Poblezi" {vorpal, Int+3}
   (You found it on level 1 of the Depths)

   It inflicts extra damage upon your enemies.
   It affects your intelligence (+3).
 q - the +7 fustibalus of the Final Towns {vorpal, rPois Int+2 Stlth+}
   (You found it on level 15 of the Dungeon)

   Any stone fired from it inflicts extra damage.
   It affects your intelligence (+2).
   It protects you from poison.
   It makes you more stealthy.
 r - the +8 whip "Snakebite" {curare, rPois}
   (You found it on level 1 of the Lair of Beasts)

   It poisons the flesh of those it strikes.
   It protects you from poison.
 w - the +8 trident of the Octopus King (weapon) {venom, rElec rPois MR+}
   (You acquired it in a bazaar)

   It poisons the flesh of those it strikes.
   It insulates you from electricity.
   It protects you from poison.
   It affects your resistance to hostile enchantments.
Missiles
 n - 219 sling bullets
 J - 89 javelins (quivered)
 N - 5 throwing nets
 S - 44 silver javelins
 Z - 21 curare-tipped darts
Armour
 i - the +0 naga barding of Somewhere Else (worn) {Int+10 Stlth+}
   (You bought it in a shop on level 1 of the Depths)

   It affects your intelligence (+10).
   It makes you more stealthy.
 x - the +5 tower shield of Proximity (worn) {Str+7}
   (You took it off a vault sentinel on level 5 of the Vaults)

   It affects your strength (+7).
 B - a +2 pair of gloves of archery (worn)
 H - the +5 chain mail "Xamuni" (worn) {rC++}
   (You found it on level 4 of the Lair of Beasts)

   It greatly protects you from cold.
 M - a +2 cloak of preservation (worn)
 O - the -3 helmet of Caynune (worn) {rN++}
   (You bought it in a shop on level 2 of the Shoals)

   It greatly protects you from negative energy.
Jewellery
 k - the ring "Ytseuna" (left hand) {rElec rF+ rC+ rN+}
   (You acquired it on level 5 of the Vaults)

   [ring of protection from fire]

   It protects you from fire.
   It protects you from cold.
   It insulates you from electricity.
   It protects you from negative energy.
 m - the amulet "Dafinuur" {Reflect +Inv SH+5 Stlth+}
   (You found it in a treasure trove)

   [amulet of reflection]

   It shields you and reflects attacks.
   It lets you turn invisible.
   It affects your SH (+5).
   It makes you more stealthy.
 o - the amulet "Erphiloi" (around neck) {Acrobat rElec rF+ rN+ Stlth-}
   (You found it in a treasure trove)

   [amulet of the acrobat]

   It helps you evade while moving and waiting.
   It protects you from fire.
   It insulates you from electricity.
   It protects you from negative energy.
   It makes you less stealthy.
 U - a ring of protection from fire (right hand)
Wands
 j - a wand of acid (44)
 t - a wand of digging (24)
 u - a wand of iceblast (44)
 D - a wand of clouds (13)
 F - a wand of disintegration (38)
 I - a wand of paralysis (36)
Scrolls
 l - 2 scrolls of silence
 p - 2 scrolls of holy word
 y - 16 scrolls of identify
 z - 20 scrolls of teleportation
 C - 11 scrolls of blinking
 G - 8 scrolls of fear
 L - 27 scrolls of remove curse
 W - 2 scrolls of summoning
 Y - 9 scrolls of fog
Potions
 a - 4 potions of ambrosia
 b - 6 potions of heal wounds
 c - 7 potions of curing
 g - a potion of might
 h - 4 potions of haste
 v - 4 potions of invisibility
 A - 4 potions of cancellation
 E - 14 potions of flight
 K - a potion of stabbing
 P - 9 potions of berserk rage
 R - 8 potions of mutation
 T - 5 potions of resistance
Miscellaneous
 s - 4 boxes of beasts
 Q - 2 phantom mirrors
 V - a lightning rod (4/4)
 X - a phial of floods
Comestibles
 f - 46 rations


   Skills:
 O Level 27 Fighting
 - Level 11.8(16.0) Axes
 - Level 10.6(12.7) Maces & Flails
 - Level 15.0(16.3) Polearms
 - Level 13.8(16.0) Slings
 - Level 13.8(16.0) Throwing
 + Level 15.8 Armour
 + Level 12.2 Dodging
 - Level 24.0 Stealth
 - Level 15.0 Shields
 - Level 8.0 Evocations


You had 26 spell levels left.
You didn't know any spells.
Your spell library contained the following spells:

 Spells                   Type           Power        Failure   Level  Hunger
 Foxfire                  Conj/Fire      #...         47%         1    ##.....
 Infusion                 Chrm           #...         47%         1    ##.....
 Shock                    Conj/Air       #...         47%         1    ##.....
 Sting                    Tmut/Pois      #...         47%         1    ##.....
 Searing Ray              Conj           #.....       63%         2    ###....
 Shroud of Golubria       Chrm/Tloc      #.....       63%         2    ###....
 Song of Slaying          Chrm           #.......     63%         2    ###....
 Ignite Poison            Fire/Tmut/Pois #.......     85%         3    ####...
 Mephitic Cloud           Conj/Pois/Air  #.......     85%         3    ####...
 Ozocubu's Armour         Chrm/Ice       #.......     85%         3    ####...
 Spectral Weapon          Hex/Chrm       #.......     85%         3    ####...
 Summon Guardian Golem    Hex/Summ       #.......     85%         3    ####...
 Fulminant Prism          Conj/Hex       #.........   99%         4    #####..
 Iskenderun's Mystic Bla  Conj/Tloc      #.......     99%         4    #####..
 Sticky Flame             Conj/Fire      #.......     99%         4    #####..
 Summon Ice Beast         Ice/Summ       #.......     99%         4    #####..
 Summon Lightning Spire   Summ/Air       #.......     99%         4    #####..
 Blade Hands              Tmut           #.........   100%        5    ######.
 Bolt of Magma            Conj/Fire/Erth #.........   100%        5    ######.
 Iskenderun's Battlesphe  Conj/Chrm      #.......     100%        5    ######.
 Lightning Bolt           Conj/Air       #.........   100%        5    ######.
 Freezing Cloud           Conj/Ice/Air   #.........   100%        6    #######
 Starburst                Conj/Fire      #.........   100%        6    #######
 Statue Form              Tmut/Erth      #........    100%        6    #######
 Ring of Flames           Chrm/Fire      #.........   100%        7    #######
 Spellforged Servitor     Conj/Summ      #.........   100%        7    #######


Dungeon Overview and Level Annotations

Branches:
Dungeon (15/15)            Temple (1/1) D:6            Lair (6/6) D:9
 Shoals (4/4) Lair:2        Snake (4/4) Lair:2        Slime (0/5) Lair:6
    Orc (2/2) D:12            Elf (3/3) Orc:2        Vaults (5/5) D:13
  Crypt (3/3) Vaults:2       Tomb (0/3) Crypt:3      Depths (5/5) D:15
    Zot (5/5) Depths:5      Sewer (visited)         Ossuary (visited)
 Bailey (visited)          WizLab (visited)

Altars:
Ashenzari
Cheibriados
Dithmenos
Elyvilon
Fedhas
Gozag
Hepliaklqana
Kikubaaqudgha
Makhleb
Nemelex Xobeh
Okawaru
Qazlal
Ru
Sif Muna
Trog
Uskayaw
Vehumet
Wu Jian
Xom
Yredelemnul
Zin
The Shining One
Beogh

Shops:
D:11 (%*   D:13 %   Orc:2 =(%[   Elf:2 ([[*   Elf:3 **   Shoals:2 [
Shoals:4 (   Snake:1 *   Vaults:3 [   Depths:1 [   Depths:5 =

Portals:
Hell: Depths:1 Depths:2 Depths:3 Depths:4 Depths:5
Abyss: Depths:2 Depths:3 Depths:4 Depths:5
Pandemonium: Depths:3
Ziggurat: Depths:3

Annotations:
Shoals:4 3 runed translucent doors, static's ghost, adept DEFE
Depths:4 2 runed translucent doors, Gemnonof's ghost, adept DgCj


Innate Abilities, Weirdness & Mutations

You cannot wear boots.
Your serpentine skin is tough. (AC +9)
You have supernaturally acute eyesight. (SInv)
Armour fits poorly on your strangely shaped body.
Your system is resistant to poisons. (rPois)
You cover ground very slowly.
You have a slow metabolism.
You can spit poison.
You can use your snake-like lower body to constrict enemies.
You have sharp fingernails.
You are surrounded by a mild repulsion field. (EV +2)
Your mind is acute. (Int +2)
You are clumsy. (Dex -2)
You are weak. (Str -2)


Message History

You see here a +0 club.
You feel yourself slow down.
A Brimstone Fiend comes into view.
There is a stone staircase leading up here.
You feel yourself speed up.
Unknown command.
You climb upwards.
There is a stone staircase leading down here.
Unknown command.
Evoke which item? (* to show all) (? for menu, Esc to quit)
Aiming: Dig
Press: ? - help, Shift-Dir - straight line You can't see that place. [a rock wall.]
The rock shatters into small pieces.
Your extra speed is starting to run out.
You feel yourself slow down.
There is a staircase leading out of the dungeon here.
Unknown command.
You have escaped!

################## #
#######................#
#######.......##.###########.#
.#......#######...# #.#
.#.###### ##.#@## #.#
.#.####### #.#### #.#
.........####.# ##.#
....####..##.##### ##..#
...######........##### ###..##
.......####.####.....###...##
..........#.# #####.##..###
....#.###..## #.#..##
....#...##.# #.#.##


There were no monsters in sight!

Vanquished Creatures
  6 orbs of fire
  2 juggernauts (Depths:4)
  10 ancient liches
  Boris (thrice) (Vaults:4 Depths:3 Depths:5)
  4 Killer Klowns
  Saint Roka (Depths:5)
  Xtahua (Depths:5)
  2 curse toes (Zot:3)
  15 golden dragons
  Jory (Crypt:1)
  the Enchantress (Depths:3)
  The ghost of Muvus the Executioner, an adept DsFi of Uskayaw (Vaults:1)
  2 electric golems (Zot:5)
  8 tentacled monstrosities
  2 Hell Sentinels (D:11)
  26 Orb Guardians
  5 liches
  3 deep elf blademasters
  A shard shrike skeleton (Crypt:2)
  8 quicksilver dragons
  4 titans
  2 deep elf master archers (Elf:3)
  An Executioner (D:11)
  6 sphinxes
  3 death cobs
  2 krakens
  An ancient champion (Crypt:2)
  5 shadow dragons
  8 tengu reavers
  Donald (Crypt:1)
  Roxanne (Shoals:2)
  8 fire giants
  6 storm dragons
  13 nagarajas (Snake:4)
  5 draconian monks
  3 revenants
  7 vault wardens
  A deep elf sorcerer (Elf:3)
  6 draconian knights
  An angel (Zot:1)
  An orc warlord (Orc:2)
  7 draconian shifters
  A ghost moth (Zot:3)
  Aizul (Snake:2)
  2 iron dragons
  10 frost giants
  7 draconian scorchers
  Louise (D:15)
  2 balrugs
  4 deep elf elementalists
  5 draconian stormcallers
  4 curse skulls
  3 spriggan defenders (Depths:3)
  15 ironheart preservers
  10 draconian annihilators
  A reaper (Depths:2)
  The ghost of Naitho the Cleaver, a journeyman FoFi of Okawaru (D:14)
  5 vampire knights
  The ghost of Gadfly the Grappler, a journeyman TrGl of the Shining One (Lair:6)
  6 ghouls
  6 war gargoyles
  9 very ugly things
  17 stone giants
  Nessos (D:13)
  2 entropy weavers
  11 green draconians
  5 yellow draconians
  10 deep elf demonologists
  6 deep elf annihilators (Elf:3)
  Azrael (Snake:2)
  16 black draconians
  15 red draconians
  3 minotaurs
  19 purple draconians
  2 minotaurs (shapeshifter) (Vaults:5)
  17 spark wasps
  12 white draconians
  23 ettins
  An eidolon (Crypt:3)
  A blizzard demon (Depths:2)
  A mummy priest (Crypt:3)
  12 deep elf death magi
  9 statues (WizLab)
  5 merfolk javelineers
  9 fire dragons
  6 merfolk impalers
  4 hydras
  The ghost of sigtrap the Cleaver, a journeyman MiBe of Trog (D:11)
  8 jiangshi
  Erolcha (D:13)
  7 deep elf high priests
  21 yaktaur captains
  11 ogre magi
  6 great orbs of eyes
  28 naga warriors
  7 merfolk avatars
  A rakshasa (Depths:1)
  6 spriggan air magi
  28 vault guards
  12 centaur warriors
  6 ice dragons
  2 merfolk aquamancers
  4 catoblepae
  Erica (Orc:1)
  8 anacondas
  41 two-headed ogres
  An alligator snapping turtle (Shoals:4)
  2 death knights
  6 deep troll shamans
  27 dancing weapons
  2 titan zombies (Depths:4)
  11 deep troll earth magi
  21 death yaks
  11 satyrs
  7 shock serpents
  15 tengu warriors
  10 naga sharpshooters
  8 spriggan berserkers
  2 vampire magi
  2 orc high priests (Orc:2)
  4 soul eaters
  7 hell knights (Crypt:3)
  5 sun demons
  15 deep elf knights
  A salamander mystic (Snake:2)
  A sixfirhy (Zot:5)
  Sonja (D:13)
  A titan skeleton (Crypt:3)
  2 skeletal warriors
  14 sea snakes
  3 iron trolls
  4 shadow wraiths
  A quicksilver dragon simulacrum (Depths:2)
  A torturous demonspawn (Zot:5)
  8 naga ritualists
  8 flayed ghosts
  22 deep trolls
  An unseen horror (D:13)
  18 phantasmal warriors
  6 wizards
  A cherub (D:11)
  An obsidian statue (Zot:5)
  3 glowing orange brains
  An iron giant zombie (Crypt:2)
  3 lindwurms (Depths:5)
  Pikel (D:5)
  15 deep elf archers
  10 ironbrand convokers
  3 lindwurms (shapeshifter)
  82 deep elf magi
  2 mana vipers (shapeshifter)
  A necromancer (Crypt:1)
  8 mana vipers
  12 orc knights
  2 wolf spiders (Vaults:4)
  23 fauns
  5 orc sorcerers
  A faun (shapeshifter) (Depths:5)
  24 harpies
  A salamander (shapeshifter) (Vaults:3)
  A shadow dragon skeleton (Crypt:3)
  10 manticores
  A stone giant zombie (Depths:4)
  17 salamanders
  4 oklob plants (Lair:4)
  5 cyclopes
  39 ugly things
  22 moths of wrath
  8 rust devils (Depths:2)
  15 vault sentinels
  20 elephants
  17 guardian serpents
  A fire giant skeleton (Crypt:3)
  A frost giant skeleton (Crypt:3)
  Joseph (D:7)
  Maurice (D:8)
  26 naga magi
  2 ice statues
  41 black mambas
  5 gargoyles
  2 merfolk sirens
  10 water nymphs
  3 smoke demons (Crypt:3)
  A spiny frog (shapeshifter) (Vaults:3)
  A torpor snail (Lair:6)
  Maggie (D:7)
  10 spiny frogs
  An elephant slug zombie (Crypt:2)
  2 demonic crawlers
  A shock serpent skeleton (Crypt:3)
  A hellion (D:7)
  A rime drake (Lair:3)
  9 komodo dragons
  9 freezing wraiths
  62 yaktaurs
  An iron troll zombie (Crypt:2)
  7 tengu conjurers
  4 ice devils
  11 red devils
  A komodo dragon (shapeshifter) (Depths:4)
  A guardian mummy (Crypt:3)
  2 efreet
  An iron troll skeleton (Crypt:1)
  A jumping spider (shapeshifter) (D:14)
  A harpy zombie (Crypt:1)
  8 trolls
  3 meliai (Shoals:1)
  35 merfolk
  4 polar bears
  2 wind drakes (shapeshifter)
  8 wind drakes
  A hornet (shapeshifter) (Depths:5)
  18 blink frogs
  Grinder (D:3)
  2 hornets
  A raiju (shapeshifter) (Vaults:2)
  16 hippogriffs
  32 slime creatures
  A dream sheep (shapeshifter) (Vaults:5)
  2 dream sheep (Shoals:4)
  A bog body (Crypt:2)
  A death drake skeleton (Crypt:2)
  A stone giant simulacrum (Vaults:3)
  4 flying skulls (Depths:2)
  Sigmund (D:4)
  6 snapping turtles
  A vampire (D:11)
  5 air elementals
  An ice dragon skeleton (Crypt:1)
  4 redbacks (Vaults:4)
  7 shadows
  4 wyverns
  2 alligator skeletons (Crypt:3)
  A fire dragon skeleton (Crypt:3)
  4 water elementals
  A yak (shapeshifter) (Vaults:3)
  4 spriggans
  13 wraiths
  Eustachio (D:4)
  45 yaks
  A human (shapeshifter) (Vaults:3)
  2 humans (D:11)
  An ushabti (Crypt:3)
  5 hungry ghosts
  A basilisk (Lair:4)
  10 fire elementals
  A steam dragon (D:9)
  2 wargs
  A soldier ant (D:14)
  18 water moccasins
  67 nagas
  5 hell hounds
  3 deep troll zombies (Crypt:2)
  An acid dragon (Vaults:2)
  Duvessa (D:7)
  A torturous demonspawn skeleton (Crypt:1)
  A water nymph skeleton (Crypt:2)
  5 porcupines
  6 swamp drakes (Depths:5)
  45 orc warriors
  2 black bears
  7 ice beasts
  7 sky beasts
  2 slaves (D:5)
  2 ettin simulacra (Depths:2)
  A black bear (shapeshifter) (Vaults:5)
  7 eyes of draining
  6 phantoms
  3 necrophages
  An elephant zombie (Crypt:1)
  37 ogres
  8 wolves
  12 boggarts
  41 centaurs
  15 crocodiles
  4 big kobolds
  A hippogriff zombie (Crypt:1)
  19 bullfrogs
  A cyclops zombie (Depths:4)
  2 earth elementals (Elf:3)
  A deep troll simulacrum (Crypt:2)
  A gnoll sergeant (Orc:2)
  4 scorpions
  A queen bee zombie (Crypt:1)
  Dowan (D:7)
  A shapeshifter zombie (Crypt:2)
  A water moccasin skeleton (D:9)
  27 wights
  16 killer bees
  6 howler monkeys
  4 electric eels
  8 crimson imps
  3 bullfrog zombies
  A quasit (D:2)
  4 centaur zombies
  6 hounds
  A wolf skeleton (Crypt:1)
  5 centaur skeletons
  7 jellies
  26 orc priests
  Terence (D:3)
  2 bullfrog skeletons
  An iron imp (Depths:4)
  36 orc wizards
  Crazy Yiuf (D:2)
  Jessica (D:3)
  3 iguanas
  Ijyb (D:3)
  Natasha (thrice) (D:2)
  12 worker ants
  A deep dwarf skeleton (Crypt:2)
  A tengu skeleton (Crypt:1)
  3 hound zombies
  10 mummies
  Robin (D:4)
  3 gnolls (Orc:2)
  A howler monkey skeleton (D:9)
  A river rat (D:4)
  33 adders
  A scorpion zombie (Crypt:1)
  4 shadow imps
  A white imp (Lair:3)
  An ooze (D:2)
  An adder zombie (D:5)
  2 adder skeletons
  5 worms
  10 leopard geckos
  140 orcs
  6 ball pythons
  5 giant cockroaches
  17 goblins
  10 hobgoblins
  20 jackals
  23 kobolds
  5 quokkas
  8 bats
  6 frilled lizards
  10 gnoll skeletons (Ossuary)
  A jackal skeleton (D:8)
  5 kobold skeletons (Ossuary)
  10 orc skeletons (Ossuary)
  A quokka zombie (D:5)
  4 rats
  A rat zombie (Crypt:2)
  A fungus (Lair:4)
  25 plants
  7 tentacles
2688 creatures vanquished.

Vanquished Creatures (collateral kills)
  Mennas (Depths:5)
  A great orb of eyes (Depths:5)
  A death yak (Lair:2)
  An orc knight (Orc:1)
  A troll (Orc:1)
  6 orc warriors
  An orc wizard (Depths:5)
  9 orcs
21 creatures vanquished.

Vanquished Creatures (others)
  The ghost of Marixus the Executioner, an adept HOFi of Beogh (Vaults:2)
  A deep elf master archer (Vaults:2)
  An orc warlord (Vaults:2)
  A purple draconian (Zot:1)
  A red draconian (Depths:5)
  A white draconian (Zot:1)
  A merfolk javelineer (Vaults:2)
  An ettin (Vaults:5)
  An ogre mage (Vaults:5)
  2 deep elf knights
  A quicksilver dragon simulacrum (Depths:2)
  2 deep trolls (Vaults:5)
  2 deep elf archers
  A harpy (Shoals:3)
  2 deep elf magi
  A guardian serpent (Snake:4)
  A merfolk (Shoals:4)
  A water elemental (Shoals:3)
  A swamp drake (Depths:5)
  An ettin simulacrum (Depths:2)
  A worker ant (D:5)
  An orc (Orc:2)
  13 fungi
  68 plants
  19 tentacles
126 creatures vanquished.

Grand Total: 2835 creatures vanquished

Notes
Turn   | Place    | Note
-------+----------+-------------------------------------------
     0 | D:1      | DeepDeath the Naga Berserker began the quest for the Orb.
     0 | D:1      | Reached XP level 1. HP: 21/21 MP: 1/1
    78 | D:1      | Reached skill level 1 in Stealth
   249 | D:1      | Reached XP level 2. HP: 16/28 MP: 2/2
   835 | D:2      | Noticed Natasha
   897 | D:2      | Reached XP level 3. HP: 34/34 MP: 3/3
   966 | D:2      | Found a runed translucent door.
   967 | D:2      | Noticed Crazy Yiuf
  1004 | D:2      | Reached XP level 4. HP: 38/42 MP: 2/4
  1538 | D:2      | Reached ** piety under Trog
  1621 | D:2      | You fall into a shaft and drop 1 floor!
  1649 | D:3      | Reached skill level 5 in Polearms
  1649 | D:3      | Reached XP level 5. HP: 19/49 MP: 1/5
  1887 | D:2      | Killed Natasha
  1952 | D:2      | Noticed Natasha
  1962 | D:2      | Killed Natasha
  1999 | D:2      | Reached XP level 6. HP: 51/56 MP: 4/6
  2331 | D:2      | Noticed Natasha
  2338 | D:2      | Killed Natasha
  2413 | D:2      | Found a blossoming altar of Fedhas.
  2897 | D:3      | Noticed Grinder
  2915 | D:3      | Killed Grinder
  2915 | D:3      | Reached skill level 5 in Stealth
  2915 | D:3      | Reached XP level 7. HP: 53/62 MP: 7/7
  3033 | D:3      | Noticed Ijyb
  3036 | D:3      | Noticed Terence
  3048 | D:3      | Killed Terence
  3057 | D:3      | Killed Ijyb
  3260 | D:3      | Noticed Jessica
  3265 | D:3      | Killed Jessica
  3288 | D:4      | Found a shadowy altar of Dithmenos.
  3353 | D:4      | Noticed Robin
  3366 | D:4      | Killed Robin
  3383 | D:4      | Found a blossoming altar of Fedhas.
  3600 | D:4      | Reached *** piety under Trog
  3633 | D:4      | Reached skill level 1 in Evocations
  3644 | D:4      | Found a glowing drain.
  3648 | Sewer    | Entered a sewer
  4700 | D:4      | Noticed Sigmund
  4706 | D:4      | Killed Sigmund
  4706 | D:4      | Reached XP level 8. HP: 62/69 MP: 6/9
  5005 | D:4      | Found a shimmering blue altar of Sif Muna.
  5217 | D:4      | Noticed Eustachio
  5232 | D:4      | Killed Eustachio
  5436 | D:2      | Killed Crazy Yiuf
  5517 | D:5      | Entered Level 5 of the Dungeon
  5537 | D:5      | Reached skill level 10 in Stealth
  5900 | D:5      | Noticed Pikel
  5923 | D:5      | Killed Pikel
  5923 | D:5      | Reached skill level 4 in Fighting
  5923 | D:5      | Reached XP level 9. HP: 75/78 MP: 10/10
  6625 | D:5      | Reached **** piety under Trog
  6921 | D:6      | Reached skill level 1 in Throwing
  6933 | D:6      | Found a staircase to the Ecumenical Temple.
  6938 | Temple   | Entered the Ecumenical Temple
  8082 | D:7      | Found an ornate altar of the Wu Jian Council.
  8115 | D:7      | Reached skill level 10 in Polearms
  8233 | D:7      | Noticed Joseph
  8388 | D:7      | Found a burning altar of Makhleb.
  8572 | D:7      | Found a hide-covered altar of Uskayaw.
  8614 | D:7      | Reached XP level 10. HP: 85/85 MP: 11/11
  8959 | D:7      | Found a shattered altar of Ashenzari.
  8960 | D:7      | Noticed Maggie
  8965 | D:7      | Noticed Dowan
  8967 | D:7      | Noticed Duvessa
  8985 | D:7      | Killed Dowan
  8987 | D:7      | Killed Duvessa
  8998 | D:7      | Killed Maggie
  9201 | D:7      | Found a white marble altar of Elyvilon.
  9935 | D:7      | Killed Joseph
 10122 | D:8      | Found a sand-covered staircase.
 10131 | Ossuary  | Entered an ossuary
 10550 | D:8      | Found a burning altar of Makhleb.
 10683 | D:8      | Reached skill level 1 in Slings
 10817 | D:8      | Noticed Maurice
 10855 | D:8      | Killed Maurice
 11561 | D:9      | Found a staircase to the Lair.
 11624 | D:9      | Reached XP level 11. HP: 93/93 MP: 7/12
 11893 | D:9      | Reached ***** piety under Trog
 11893 | D:9      | Reached skill level 5 in Fighting
 12187 | D:9      | Found a sparkling altar of Nemelex Xobeh.
 12189 | D:9      | Found a glowing golden altar of the Shining One.
 12189 | D:9      | Found an opulent altar of Gozag.
 12200 | D:9      | Found an iron altar of Okawaru.
 12995 | D:10     | Entered Level 10 of the Dungeon
 13025 | D:10     | Reached skill level 5 in Armour
 13108 | D:10     | Found a flagged portal.
 13174 | Bailey   | Entered a bailey
 13174 | Bailey   | Noticed an orc knight
 13437 | Bailey   | Killed an orc knight
 13559 | Bailey   | Noticed an orc knight
 13568 | Bailey   | Noticed an orc knight
 13576 | Bailey   | Killed an orc knight
 13589 | Bailey   | Killed an orc knight
 13589 | Bailey   | Reached skill level 6 in Fighting
 13726 | D:10     | Noticed a two-headed ogre
 13738 | D:10     | Killed a two-headed ogre
 14359 | D:10     | Noticed a great orb of eyes
 14365 | D:10     | Killed a great orb of eyes
 14461 | D:11     | Found Joenufue's Weapon Boutique.
 14517 | D:11     | Found Dureco's Food Boutique.
 14527 | D:11     | Found Xota's Assorted Antiques.
 14538 | D:11     | Found a transporter.
 14542 | D:11     | Found a transporter.
 14542 | D:11     | Noticed sigtrap's ghost (journeyman MiBe)
 14598 | D:11     | Reached XP level 12. HP: 106/106 MP: 13/13
 14608 | D:11     | Found a flickering gateway to a bazaar.
 14648 | Bazaar   | Entered a bazaar
 14661 | Bazaar   | Found Rung's Jewellery Boutique.
 14679 | Bazaar   | Found Kaessoci's Gadget Emporium.
 14696 | Bazaar   | Found Cuusch's Book Boutique.
 14713 | Bazaar   | Found Xoliluem's Antique Armour Shoppe.
 14745 | Bazaar   | Bought a cursed ring of protection from magic for 198 gold
                  | pieces
 14760 | Bazaar   | Bought a faintly humming scale mail for 279 gold pieces
 14760 | Bazaar   | Bought a brightly glowing scale mail for 279 gold pieces
 14775 | Bazaar   | Bought an uncursed amulet of the acrobat for 270 gold
                  | pieces
 14778 | Bazaar   | Identified the cursed +1 scale mail of Cuacipp {*Corrode
                  | rC+ Slay+3 Stlth+} (You bought it in a shop in a bazaar)
 14779 | Bazaar   | Identified the +3 scale mail "Gomaomn" {rF+} (You bought it
                  | in a shop in a bazaar)
 14781 | Bazaar   | Bought an uncursed ring of resist corrosion for 180 gold
                  | pieces
 14781 | Bazaar   | Bought an uncursed ring of protection from fire for 225
                  | gold pieces
 14816 | Bazaar   | Gained mutation: Your muscles are strong. (Str +2) [potion
                  | of mutation]
 14816 | Bazaar   | Gained mutation: You do not regenerate when monsters are
                  | visible. [potion of mutation]
 14816 | Bazaar   | Gained mutation: You tend to lose your temper in combat.
                  | [potion of mutation]
 14816 | Bazaar   | Gained mutation: You can translocate small distances at
                  | will. [potion of mutation]
 14817 | Bazaar   | Lost mutation: You tend to lose your temper in combat.
                  | [potion of mutation]
 14817 | Bazaar   | Lost mutation: You can translocate small distances at will.
                  | [potion of mutation]
 14817 | Bazaar   | Gained mutation: You are somewhat resistant to further
                  | mutation. [potion of mutation]
 15444 | D:11     | Reached skill level 7 in Fighting
 16076 | D:11     | Bought a forked wooden wand for 144 gold pieces
 16084 | D:11     | Lost mutation: You are somewhat resistant to further
                  | mutation. [potion of mutation]
 16084 | D:11     | Lost mutation: Your muscles are strong. (Str +2) [potion of
                  | mutation]
 16084 | D:11     | Gained mutation: You are robust. (+10% HP) [potion of
                  | mutation]
 16084 | D:11     | Gained mutation: You can translocate small distances at
                  | will. [potion of mutation]
 16084 | D:11     | Gained mutation: You are very robust. (+20% HP) [potion of
                  | mutation]
 16240 | Lair:1   | Entered Level 1 of the Lair of Beasts
 16240 | Lair:1   | Noticed a six-headed hydra
 16253 | Lair:1   | Killed a six-headed hydra
 16579 | Lair:1   | Found the +8 whip "Snakebite" {curare, rPois}
 17015 | Lair:1   | Reached skill level 1 in Maces & Flails
 17055 | Lair:1   | Reached skill level 8 in Fighting
 18460 | Lair:2   | Noticed a death yak
 18461 | Lair:2   | Noticed a death yak
 18466 | Lair:2   | Noticed a death yak
 18467 | Lair:2   | Noticed a death yak
 18469 | Lair:2   | Noticed a death yak
 18480 | Lair:2   | Killed a death yak
 18482 | Lair:2   | Killed a death yak
 18493 | Lair:2   | Killed a death yak
 18493 | Lair:2   | Gained mutation: You can use your snake-like lower body to
                  | constrict enemies. [Naga growth]
 18493 | Lair:2   | Reached XP level 13. HP: 106/141 MP: 14/14
 18895 | Lair:2   | Found a staircase to the Shoals.
 19111 | Lair:2   | Found a staircase to the Snake Pit.
 19375 | Lair:2   | Reached skill level 9 in Fighting
 20739 | Lair:3   | Received a gift from Trog
 20739 | Lair:3   | Reached skill level 1 in Shields
 21470 | Lair:3   | Reached skill level 10 in Fighting
 23188 | Lair:4   | Reached XP level 14. HP: 134/158 MP: 15/15
 24411 | Lair:4   | Identified the +5 chain mail "Xamuni" {rC++} (You found it
                  | on level 4 of the Lair of Beasts)
 24619 | D:11     | Bought a scroll of identify for 72 gold pieces
 24619 | D:11     | Bought a pair of warped gloves for 342 gold pieces
 24630 | D:11     | Identified the +0 pair of gloves "Hah Wuyt" {+Blink rCorr}
                  | (You bought it in a shop on level 11 of the Dungeon)
 24958 | Lair:5   | Received a gift from Trog
 25178 | Lair:5   | Reached skill level 5 in Shields
 25645 | Lair:5   | Found a white marble altar of Elyvilon.
 26769 | D:12     | Found a staircase to the Orcish Mines.
 26785 | D:12     | Reached skill level 5 in Maces & Flails
 26995 | D:12     | Reached skill level 11 in Fighting
 27033 | D:12     | Received a gift from Trog
 27945 | Lair:3   | Identified the cursed +2 arbalest of Megalomania {penet,
                  | rC+ rN++ Str+4 Int+2} (You found it on level 3 of the Lair
                  | of Beasts)
 28111 | D:11     | Bought a pitted scale mail for 324 gold pieces
 28112 | D:11     | Identified the +1 scale mail "Jygoul" {rCorr Slay+2} (You
                  | bought it in a shop on level 11 of the Dungeon)
 28350 | Orc:1    | Entered Level 1 of the Orcish Mines
 28369 | Orc:1    | Noticed Erica
 28379 | Orc:1    | Killed Erica
 28783 | Orc:2    | Entered Level 2 of the Orcish Mines
 29774 | Orc:2    | Found a roughly hewn altar of Beogh.
 29798 | Orc:2    | Found a roughly hewn altar of Beogh.
 29851 | Orc:2    | Found a roughly hewn altar of Beogh.
 29907 | Orc:2    | Found Iqeaj's Jewellery Boutique.
 29914 | Orc:2    | Reached XP level 15. HP: 165/169 MP: 16/16
 30074 | Orc:2    | Found a staircase to the Elven Halls.
 30105 | Orc:2    | Found a roughly hewn altar of Beogh.
 30272 | Orc:2    | Found a roughly hewn altar of Beogh.
 30364 | Orc:2    | Found Jaug's Food Shoppe.
 30635 | Orc:2    | Received a gift from Trog
 30636 | Orc:2    | Noticed an orc warlord
 30658 | Orc:2    | Killed an orc warlord
 30731 | Orc:2    | Found Gammet's Antique Weapon Shop.
 30768 | Orc:2    | Found a roughly hewn altar of Beogh.
 30771 | Orc:2    | Found Qiefyun's Antique Armour Boutique.
 31056 | Lair:6   | Entered Level 6 of the Lair of Beasts
 31135 | Lair:6   | Found a staircase to the Slime Pits.
 31151 | Lair:6   | Reached skill level 5 in Slings
 32093 | Lair:6   | Found a runed translucent door.
 32137 | Lair:6   | Noticed Gadfly's ghost (journeyman TrGl)
 33772 | D:13     | Identified the +5 morningstar "Byejucy" {flame, MR+ Int+5
                  | Dex+2} (You found it on level 13 of the Dungeon)
 33967 | D:13     | Reached skill level 10 in Armour
 33990 | D:13     | Noticed Sonja
 33990 | D:13     | Noticed Erolcha
 34006 | D:13     | Killed Erolcha
 34104 | D:13     | Killed Sonja
 34263 | D:13     | Noticed Nessos
 34287 | D:13     | Killed Nessos
 34287 | D:13     | Received a gift from Trog
 34639 | D:13     | Found a gate to the Vaults.
 34892 | D:13     | Found Sitaul's Food Emporium.
 35362 | D:14     | Reached XP level 16. HP: 153/180 MP: 17/17
 35627 | D:14     | Found a runed translucent door.
 35629 | D:14     | Noticed Naitho's ghost (journeyman FoFi)
 35629 | D:14     | Noticed a sphinx
 36189 | D:14     | Received a gift from Trog
 36464 | D:15     | Entered Level 15 of the Dungeon
 36526 | D:15     | Noticed Louise
 36536 | D:15     | Killed Louise
 37005 | D:15     | Identified the +7 fustibalus of the Final Towns {vorpal,
                  | rPois Int+2 Stlth+} (You found it on level 15 of the
                  | Dungeon)
 37501 | D:15     | Found a staircase to the Depths.
 38099 | Shoals:1 | Entered Level 1 of the Shoals
 38132 | Shoals:1 | Got a fine scale mail
 38256 | Shoals:1 | Identified the +3 scale mail of Ennui {MR+ Dex+2 SInv} (You
                  | found it on level 1 of the Shoals)
 38692 | Shoals:1 | Found a hide-covered altar of Uskayaw.
 39943 | Shoals:1 | Reached skill level 12 in Fighting
 40225 | Snake:1  | Entered Level 1 of the Snake Pit
 40275 | Snake:1  | Reached skill level 10 in Shields
 40287 | Snake:1  | Found a flickering gateway to a bazaar.
 40384 | Bazaar   | Entered a bazaar
 40572 | Bazaar   | Found Hirchaig's Food Emporium.
 40572 | Bazaar   | Found Ecifeuj's Magic Scroll Shoppe.
 40593 | Bazaar   | Found Locey's Distillery.
 40608 | Bazaar   | Found Jejiecy's Antique Weapon Emporium.
 40608 | Bazaar   | Found Uqeqirid's Magic Scroll Shoppe.
 40629 | Bazaar   | Found Goaqul's Weapon Emporium.
 40629 | Bazaar   | Found Azenuh's Book Shoppe.
 40682 | Bazaar   | Bought a fading mace for 192 gold pieces
 40683 | Bazaar   | Identified the cursed +0 mace "Zaesos" {vorpal, rN+ Str+7}
                  | (You bought it in a shop in a bazaar)
 40689 | Bazaar   | Bought a scroll of acquirement for 624 gold pieces
 40715 | Bazaar   | Bought a scroll of brand weapon for 260 gold pieces
 40718 | Bazaar   | Acquired the +8 trident of the Octopus King {venom, rElec
                  | rPois MR+}
 40719 | Bazaar   | Found the +8 trident of the Octopus King {venom, rElec
                  | rPois MR+}
 40734 | Bazaar   | Bought a potion of haste for 90 gold pieces
 40734 | Bazaar   | Bought a potion of flight for 27 gold pieces
 40734 | Bazaar   | Bought a potion of invisibility for 72 gold pieces
 40734 | Bazaar   | Bought a potion of mutation for 72 gold pieces
 41054 | Snake:1  | Reached XP level 17. HP: 59/190 MP: 18/18
 41555 | Snake:1  | Found a radiant altar of Vehumet.
 42188 | Snake:1  | Found Reeqoppagea's Retail Resort.
 42380 | Snake:2  | Received a gift from Trog
 42395 | Snake:2  | Reached skill level 5 in Dodging
 42426 | Snake:2  | Reached skill level 15 in Stealth
 43590 | Snake:2  | Noticed Azrael
 43603 | Snake:2  | Killed Azrael
 43607 | Snake:2  | Noticed Aizul
 43634 | Snake:2  | Killed Aizul
 43692 | Snake:2  | Received a gift from Trog
 43918 | Snake:2  | Reached skill level 15 in Polearms
 44119 | Snake:2  | Got a brightly glowing lapis lazuli ring
 44579 | Snake:2  | Identified the ring "Vaide" {+Blink rPois EV+4} (You found
                  | it on level 2 of the Snake Pit)
 46152 | Snake:3  | Reached XP level 18. HP: 161/202 MP: 19/19
 46914 | Snake:4  | Entered Level 4 of the Snake Pit
 47286 | Snake:4  | Received a gift from Trog
 47286 | Snake:4  | Reached skill level 13 in Fighting
 49611 | Snake:4  | Received a gift from Trog
 49720 | Snake:4  | Reached skill level 14 in Fighting
 50497 | Snake:4  | Got a serpentine rune of Zot
 51130 | Vaults:1 | Entered Level 1 of the Vaults
 51191 | Vaults:1 | Reached XP level 19. HP: 149/218 MP: 20/20
 51982 | Vaults:1 | Received a gift from Trog
 52151 | Vaults:1 | Reached skill level 10 in Slings
 52755 | Vaults:1 | Noticed Muvus's ghost (adept DsFi)
 52756 | Vaults:1 | Found a large runed translucent door.
 52756 | Vaults:1 | Found a large runed translucent door.
 54539 | Vaults:2 | Found a runed translucent gate.
 54539 | Vaults:2 | Found a runed translucent gate.
 54539 | Vaults:2 | Found a runed translucent gate.
 54540 | Vaults:2 | Noticed Marixus's ghost (adept HOFi)
 54541 | Vaults:2 | Found an iron altar of Okawaru.
 54542 | Vaults:2 | Found the +3 salamander hide armour {+Rage rF++}
 54759 | Vaults:2 | Received a gift from Trog
 55316 | Vaults:2 | Found a staircase to the Crypt.
 55341 | Vaults:2 | Reached skill level 15 in Fighting
 56937 | Shoals:2 | Found Qiagu's Armour Emporium.
 56942 | Shoals:2 | Identified Roxanne's Grimoire of Transformation
 56942 | Shoals:2 | Noticed Roxanne
 56973 | Shoals:2 | Killed Roxanne
 57598 | Shoals:2 | Reached XP level 20. HP: 200/232 MP: 21/21
 58238 | Shoals:2 | Bought the cursed -3 helmet of Caynune {rN++} for 60 gold
                  | pieces
 58620 | Vaults:3 | Reached ****** piety under Trog
 58736 | Vaults:3 | Found Luhu Lam's Antique Armour Boutique.
 58755 | Vaults:3 | Bought a shiny kite shield for 255 gold pieces
 58778 | Vaults:3 | Found a magical portal.
 58792 | WizLab   | Entered Iskenderun's Mystic Tower
 59525 | WizLab   | Reached skill level 10 in Dodging
 59814 | WizLab   | Received a gift from Trog
 60811 | WizLab   | Identified Iskenderun's Collected Works on Attacks
 60811 | WizLab   | Identified Iskenderun's Reference Book on Attacks
 60811 | WizLab   | Identified the Compendium of Conjuration
 60832 | WizLab   | Got a twisted plate armour
 60862 | WizLab   | Identified Garchabuo's Almanac of the Frostbite and the
                  | Volcanoes
 60862 | WizLab   | Identified Sif Muna's Almanac of Shifting Slavery
 60929 | WizLab   | Identified the +1 plate armour of Oblivion {+Blink Int+7
                  | Dex-4} (You found it in a wizard's laboratory)
 61902 | Vaults:3 | Received a gift from Trog
 63876 | Shoals:2 | Reached skill level 16 in Fighting
 63946 | Shoals:3 | Reached skill level 1 in Axes
 63966 | Shoals:3 | Found a transporter.
 63966 | Shoals:3 | Found a transporter.
 63969 | Shoals:3 | Found a transporter.
 64507 | Shoals:3 | Found a transporter.
 65140 | Vaults:1 | Killed Muvus's ghost
 65140 | Vaults:1 | Reached XP level 21. HP: 198/246 MP: 22/22
 65151 | Vaults:1 | Got a scintillating graven amulet
 65152 | Vaults:1 | Identified the amulet of Juumuh {Inacc *Corrode rN+ Dex+4}
                  | (You found it on level 1 of the Vaults)
 65367 | Vaults:2 | Killed Marixus's ghost
 65377 | Vaults:2 | Received a gift from Trog
 65399 | Vaults:2 | Got a brightly glowing eveningstar
 65403 | Vaults:2 | Got a slimy platinum ring
 65405 | Vaults:2 | Identified the cursed +2 eveningstar of Gepaaf {drain, rF-
                  | Str+6} (You found it on level 2 of the Vaults)
 65406 | Vaults:2 | Identified the ring "Poesoruwk" {rC+ Str+2 Stlth-} (You
                  | found it on level 2 of the Vaults)
 66346 | Vaults:4 | Reached skill level 5 in Axes
 67130 | Vaults:4 | Noticed Boris
 67154 | Vaults:4 | Killed Boris
 68346 | Shoals:4 | Entered Level 4 of the Shoals
 69388 | Shoals:4 | Received a gift from Trog
 69486 | Shoals:4 | Found Qurchejan's Antique Weapon Shoppe.
 70393 | Shoals:4 | Found a runed translucent gate.
 70395 | Shoals:4 | Found a runed translucent gate.
 70396 | Shoals:4 | Found a runed translucent gate.
 70401 | Shoals:4 | Noticed static's ghost (adept DEFE)
 70571 | Shoals:4 | Identified the +7 chain mail "Asymeut" {Int+3}
 70771 | Shoals:4 | Got a barnacled rune of Zot
 71232 | Elf:1    | Entered Level 1 of the Elven Halls
 71372 | Elf:1    | Received a gift from Trog
 71741 | Elf:1    | Reached XP level 22. HP: 255/255 MP: 25/25
 71902 | Elf:1    | Identified the +1 robe of the Big Bang {rElec rF+}
 72717 | Elf:2    | Found Niqiol's Armour Shoppe.
 72866 | Elf:2    | Found Ysoice's Antique Armour Shop.
 72870 | Elf:2    | Found Niboros's Weapon Emporium.
 72903 | Elf:2    | Bought a faintly glowing chain mail for 313 gold pieces
 72909 | Elf:2    | Identified the cursed +1 chain mail of Netub {rElec MR+}
                  | (You bought it in a shop on level 2 of the Elven Halls)
 73043 | Elf:2    | Found Wassikh's Assorted Antiques.
 73089 | Elf:2    | Found a gateway to a bazaar.
 73269 | Elf:2    | Found a huge runed translucent gate.
 73269 | Elf:2    | Found a huge runed translucent gate.
 73269 | Elf:2    | Found a huge runed translucent gate.
 73270 | Elf:2    | Found a huge runed translucent gate.
 73272 | Elf:2    | Found a huge runed translucent gate.
 73531 | Elf:3    | Entered Level 3 of the Elven Halls
 73557 | Elf:3    | Received a gift from Trog
 73772 | Elf:3    | Found Xiaplaech's General Store.
 73775 | Elf:3    | Bought 6 curare-tipped darts for 57 gold pieces
 73779 | Elf:3    | Found Udostritt's Assorted Antiques.
 73795 | Elf:3    | Bought an encrusted brass ring for 135 gold pieces
 74968 | Elf:3    | Reached skill level 17 in Fighting
 75145 | Elf:3    | Identified the +7 great sword of Optimality {vorpal, +Fly
                  | Dex+4}
 75156 | Elf:3    | Identified the ring of Daxer {rElec rC+ Dex+6}
 75167 | Elf:3    | Identified the +8 hand axe of Asadash {drain, MR+ SInv}
 75167 | Elf:3    | Identified the ring "Obojidiv" {+Fly Dex+5 Stlth-}
 75711 | Elf:3    | Received a gift from Trog
 76193 | Elf:3    | Identified the +6 shortbow of Yredelemnul's Approval
                  | {freeze, rC+} (You found it on level 3 of the Elven Halls)
 76215 | Elf:3    | Identified Sif Muna's Reference Book on the Floating Blaze
 77396 | Elf:2    | Bought a pair of glowing gloves for 247 gold pieces
 77988 | Depths:1 | Entered Level 1 of the Depths
 78256 | Depths:1 | Reached XP level 23. HP: 172/271 MP: 26/26
 78393 | Depths:1 | Reached skill level 10 in Maces & Flails
 78458 | Depths:1 | Received a gift from Trog
 78797 | Depths:1 | Found Kynov's Antique Armour Boutique.
 78839 | Depths:1 | Identified the +10 war axe "Poblezi" {vorpal, Int+3} (You
                  | found it on level 1 of the Depths)
 78879 | Depths:1 | Bought a faintly humming naga barding for 728 gold pieces
 78881 | Depths:1 | Identified the cursed +0 naga barding of Somewhere Else
                  | {Int+10 Stlth+} (You bought it in a shop on level 1 of the
                  | Depths)
 79384 | Depths:1 | Reached skill level 18 in Fighting
 79663 | Depths:1 | Found a gateway to Hell.
 80130 | Depths:1 | Bought a glowing kite shield for 195 gold pieces
 80585 | Depths:1 | Bought a faintly glowing scale mail for 234 gold pieces
 80586 | Depths:1 | Identified the cursed +0 scale mail of the Bulwark {+Blink
                  | rF++ MR- SInv} (You bought it in a shop on level 1 of the
                  | Depths)
 81272 | Depths:2 | Reached skill level 5 in Throwing
 81291 | Depths:2 | Found an iron altar of Okawaru.
 81705 | Depths:2 | Reached skill level 10 in Axes
 81783 | Depths:2 | Found a stormy altar of Qazlal.
 81814 | Depths:2 | Received a gift from Trog
 82509 | Depths:2 | Found an opulent altar of Gozag.
 82589 | Depths:2 | Found a one-way gate to the infinite horrors of the Abyss.
 82657 | Depths:2 | Noticed a golden dragon
 82676 | Depths:2 | Killed a golden dragon
 83376 | Depths:2 | Received a gift from Trog
 83648 | Depths:2 | Found a sacrificial altar of Ru.
 83805 | Depths:2 | Identified the +0 scale mail "Owkoik" {+Blink +Inv rN+}
 84066 | Depths:2 | Noticed a golden dragon
 84081 | Depths:2 | Killed a golden dragon
 84081 | Depths:2 | Reached XP level 24. HP: 286/288 MP: 26/26
 84346 | D:11     | Killed sigtrap's ghost
 84443 | D:14     | Killed Naitho's ghost
 84733 | Lair:6   | Killed Gadfly's ghost
 84971 | Shoals:3 | Reached skill level 19 in Fighting
 85287 | Shoals:3 | Identified the +10 war axe "Negebebe" {vorpal, +Fly rPois
                  | rF- Dex+3} (You found it on level 3 of the Shoals)
 85489 | Shoals:4 | Identified the +6 rapier of Courage {elec, rElec rN+ MR+}
                  | (You found it on level 4 of the Shoals)
 85940 | Depths:3 | Noticed Boris
 85954 | Depths:3 | Killed Boris
 86006 | Depths:3 | Received a gift from Trog
 86900 | Depths:3 | Noticed the Enchantress
 86917 | Depths:3 | Killed the Enchantress
 87576 | Depths:3 | Received a gift from Trog
 87579 | Depths:3 | Identified the +11 spear of Intuition {flame, rPois MR++
                  | Str+2} (Trog gifted it to you on level 3 of the Depths)
 87664 | Depths:3 | Found a gateway to a ziggurat.
 87724 | Depths:3 | Found a one-way gate leading to the halls of Pandemonium.
 88261 | Depths:4 | Reached skill level 10 in Throwing
 89361 | Depths:4 | Found a sparkling altar of Nemelex Xobeh.
 89365 | Depths:4 | Found a large runed translucent door.
 89365 | Depths:4 | Found a large runed translucent door.
 89369 | Depths:4 | Noticed Gemnonof's ghost (adept DgCj)
 89409 | Depths:4 | Reached skill level 20 in Fighting
 89864 | Depths:4 | Identified the +4 trident of Generosity {flame, Dex+3}
 90320 | Depths:4 | Noticed a juggernaut
 90346 | Depths:4 | Killed a juggernaut
 90346 | Depths:4 | Reached XP level 25. HP: 288/302 MP: 26/26
 90609 | Depths:4 | Noticed a juggernaut
 90633 | Depths:4 | Killed a juggernaut
 91064 | Depths:4 | Identified the cursed +2 war axe of Cextues {venom, *Rage
                  | rN+ Int+3} (You found it on level 4 of the Depths)
 91066 | Depths:4 | Identified the cursed +1 short sword of Terror {flame,
                  | *Slow rElec rPois Int-2} (You found it on level 4 of the
                  | Depths)
 91279 | Depths:4 | Received a gift from Trog
 91681 | Bazaar   | Entered a bazaar
 91683 | Bazaar   | Found Nuehek Ciokk's Gadget Boutique.
 91687 | Bazaar   | Found Wiyfu's Distillery.
 91687 | Bazaar   | Found Featymem's Magic Scroll Boutique.
 91688 | Bazaar   | Found Fymapleh's Gadget Boutique.
 91713 | Bazaar   | Bought a potion of heal wounds for 35 gold pieces
 91713 | Bazaar   | Bought a potion of cancellation for 56 gold pieces
 91713 | Bazaar   | Bought a potion of haste for 70 gold pieces
 91713 | Bazaar   | Bought a potion of cancellation for 56 gold pieces
 91713 | Bazaar   | Bought a potion of ambrosia for 56 gold pieces
 91718 | Bazaar   | Bought a scroll of enchant weapon for 90 gold pieces
 91734 | Bazaar   | Bought a wand of digging (7) for 176 gold pieces
 91742 | Bazaar   | Bought a potion of invisibility for 56 gold pieces
 91742 | Bazaar   | Bought a potion of invisibility for 56 gold pieces
 91742 | Bazaar   | Bought a potion of invisibility for 56 gold pieces
 91762 | Bazaar   | Bought a phantom mirror for 240 gold pieces
 91768 | Bazaar   | Bought a wand of iceblast (10) for 126 gold pieces
 91768 | Bazaar   | Bought a wand of acid (14) for 324 gold pieces
 91776 | Bazaar   | Bought 3 scrolls of identify for 72 gold pieces
 92192 | Depths:5 | Entered Level 5 of the Depths
 92346 | Depths:5 | Found a portal to a secret trove of treasure.
 92555 | Depths:5 | Found a shattered altar of Ashenzari.
 92789 | Depths:5 | Found Maetoif's Jewellery Boutique.
 92885 | Depths:5 | Identified the +5 flail of Demonic Offence {flame, rC+ MR+
                  | Str+4} (You found it on level 5 of the Depths)
 92928 | Depths:5 | Noticed Saint Roka
 92942 | Depths:5 | Killed Saint Roka
 93011 | Depths:5 | Noticed Mennas
 93026 | Depths:5 | Killed Mennas
 93215 | Depths:5 | Noticed Xtahua
 93241 | Depths:5 | Killed Xtahua
 94386 | Depths:5 | Found a gate to the Realm of Zot.
 94675 | Depths:5 | Identified the ring of Skepticism {*Corrode rElec AC+4
                  | Str+3}
 94675 | Depths:5 | Noticed Boris
 94690 | Depths:5 | Killed Boris
 95031 | Vaults:5 | Entered Level 5 of the Vaults
 95042 | Vaults:5 | Received a gift from Trog
 95063 | Vaults:5 | Reached skill level 21 in Fighting
 95274 | Vaults:5 | Reached XP level 26. HP: 290/319 MP: 26/26
 95730 | Vaults:5 | Received a gift from Trog
 95731 | Vaults:5 | Reached skill level 22 in Fighting
 95944 | Vaults:4 | HP: 16/321 [poisoned by a golden dragon (blast of poison)]
 96691 | Vaults:5 | Identified the +8 rapier of Causality {venom, +Inv rPois
                  | rF+ Int+4}
 96691 | Vaults:5 | Identified the ring "Porott" {rPois Int-3 Dex+4 SInv
                  | Stlth+}
 96692 | Vaults:5 | Reached skill level 5 in Evocations
 96958 | Vaults:5 | Identified the ring of the Skies Above {rN+ Stlth+}
 97486 | Vaults:5 | Identified the +10 shortbow of Eternal Harmony {venom, rN+}
 97717 | Vaults:5 | Identified the +5 tower shield of Proximity {Str+7}
 97802 | Vaults:5 | Reached XP level 27. HP: 334/334 MP: 27/27
 98472 | Vaults:5 | Identified the +1 hunting sling of the Middle {flame, MP+9
                  | SInv}
 98653 | Vaults:5 | Got a silver rune of Zot
 99298 | Vaults:5 | Acquired the ring "Ytseuna" {rElec rF+ rC+ rN+}
100789 | Elf:2    | Bought a scroll of identify for 44 gold pieces
100789 | Elf:2    | Bought a scroll of holy word for 165 gold pieces
100826 | Elf:2    | Bought a pair of runed gloves for 247 gold pieces
101279 | Crypt:1  | Entered Level 1 of the Crypt
101564 | Crypt:1  | Noticed Jory
101583 | Crypt:1  | Killed Jory
101687 | Crypt:1  | Received a gift from Trog
101942 | Crypt:1  | Noticed Donald
101948 | Crypt:1  | Killed Donald
102371 | Elf:2    | Bought a runed war axe for 143 gold pieces
102442 | Elf:3    | Bought a potion of haste for 270 gold pieces
102442 | Elf:3    | Bought a glowing war axe for 175 gold pieces
102855 | Shoals:4 | Bought a glowing war axe for 136 gold pieces
104396 | Crypt:3  | Entered Level 3 of the Crypt
104557 | Crypt:3  | Received a gift from Trog
104680 | Crypt:3  | Reached skill level 23 in Fighting
105045 | Crypt:3  | Reached skill level 15 in Armour
105273 | Crypt:3  | Found a staircase to the Tomb.
105435 | Crypt:3  | Found an ancient bone altar of Kikubaaqudgha.
105459 | Crypt:3  | Noticed an ancient lich
105469 | Crypt:3  | Killed an ancient lich
105488 | Crypt:3  | Found the +10 tower shield of Ignorance {rN+ Int-4}
105508 | Crypt:3  | Got an ancient golden ring
105515 | Crypt:3  | Identified the ring "Oseor" {Fire rElec} (You found it on
                  | level 3 of the Crypt)
106279 | Crypt:3  | Identified the +5 scale mail of Rationality {-Tele rC-
                  | Int+2 Dex+9} (You found it on level 3 of the Crypt)
106801 | Elf:2    | Bought a +5 broad axe for 496 gold pieces
106842 | Elf:3    | Bought a scroll of silence for 120 gold pieces
106842 | Elf:3    | Bought a potion of mutation for 128 gold pieces
107392 | Zot:1    | Entered Level 1 of the Realm of Zot
107416 | Zot:1    | Noticed an orb of fire
107417 | Zot:1    | Gained mutation: You are clumsy. (Dex -2) [an orb of fire]
107455 | Zot:1    | Received a gift from Trog
107455 | Zot:1    | Gained mutation: You tend to lose your temper in combat.
                  | [an orb of fire]
107460 | Zot:1    | Lost mutation: You are very robust. (+20% HP) [an orb of
                  | fire]
107462 | Zot:1    | Gained mutation: You are very clumsy. (Dex -4) [an orb of
                  | fire]
107479 | Depths:5 | Lost mutation: You are robust. (+10% HP) [an orb of fire]
107487 | Depths:5 | Gained mutation: Your magical capacity is low. (-10% MP)
                  | [an orb of fire]
107491 | Depths:5 | Killed an orb of fire
107757 | Depths:5 | Lost mutation: You are very clumsy. (Dex -4) [potion of
                  | mutation]
107757 | Depths:5 | Lost mutation: You are clumsy. (Dex -2) [potion of
                  | mutation]
107757 | Depths:5 | Lost mutation: You tend to lose your temper in combat.
                  | [potion of mutation]
107757 | Depths:5 | Lost mutation: You can translocate small distances at will.
                  | [potion of mutation]
107757 | Depths:5 | Gained mutation: Your mind is acute. (Int +2) [potion of
                  | mutation]
107757 | Depths:5 | Gained mutation: You are robust. (+10% HP) [potion of
                  | mutation]
107771 | Depths:5 | Lost mutation: Your mind is acute. (Int +2) [potion of
                  | mutation]
107771 | Depths:5 | Lost mutation: You are robust. (+10% HP) [potion of
                  | mutation]
107771 | Depths:5 | Lost mutation: Your magical capacity is low. (-10% MP)
                  | [potion of mutation]
107771 | Depths:5 | Gained mutation: You are surrounded by a mild repulsion
                  | field. (EV +2) [potion of mutation]
107771 | Depths:5 | Gained mutation: You expend magic power (3 MP) to
                  | strengthen your wands. [potion of mutation]
109592 | Zot:2    | Reached skill level 24 in Fighting
109936 | Zot:2    | Noticed an orb of fire
109941 | Zot:2    | Killed an orb of fire
109991 | Zot:2    | Received a gift from Trog
112599 | Zot:4    | Reached skill level 25 in Fighting
112905 | Zot:4    | Identified the +7 whip of the Moon {distort, rC+} (You
                  | found it on level 4 of the Realm of Zot)
112994 | Zot:4    | Acquired a manual of Bows
113590 | Zot:5    | Entered Level 5 of the Realm of Zot
113801 | Zot:5    | Noticed an orb of fire
113804 | Zot:5    | Gained mutation: You occasionally shout uncontrollably at
                  | your foes. [an orb of fire]
113805 | Zot:5    | Gained mutation: Your body sometimes deteriorates upon
                  | taking damage. [an orb of fire]
113820 | Zot:5    | Killed an orb of fire
113820 | Zot:5    | Received a gift from Trog
113823 | Zot:5    | Identified the +6 broad axe "Kiumueli" {vorpal, *Corrode
                  | Str+4 Dex+7} (Trog gifted it to you on level 5 of the Realm
                  | of Zot)
113855 | Zot:5    | Lost mutation: You occasionally shout uncontrollably at
                  | your foes. [potion of mutation]
113855 | Zot:5    | Lost mutation: You do not regenerate when monsters are
                  | visible. [potion of mutation]
113855 | Zot:5    | Lost mutation: You expend magic power (3 MP) to strengthen
                  | your wands. [potion of mutation]
113855 | Zot:5    | Lost mutation: Your body sometimes deteriorates upon taking
                  | damage. [potion of mutation]
113855 | Zot:5    | Gained mutation: Your mind is acute. (Int +2) [potion of
                  | mutation]
113855 | Zot:5    | Gained mutation: You have sharp fingernails. [potion of
                  | mutation]
115554 | Depths:5 | You paid a toll of a +6 demon blade to enter a treasure
                  | trove
115555 | Trove    | Entered a treasure trove
115566 | Trove    | Got a bound turquoise ring
115568 | Trove    | Got a faintly glowing diamond amulet
115570 | Trove    | Got a steaming golden amulet
115573 | Trove    | Got a pitted platinum ring
115576 | Trove    | Got a coiled ivory ring
115579 | Trove    | Got a smoking ivory ring
115581 | Trove    | Got a coiled bronze ring
115583 | Trove    | Got a slimy bone amulet
115593 | Trove    | Identified the ring "Siun" {rPois rC+ Int+4} (You found it
                  | in a treasure trove)
115594 | Trove    | Identified the amulet "Dafinuur" {Reflect +Inv SH+5 Stlth+}
                  | (You found it in a treasure trove)
115595 | Trove    | Identified the amulet "Erphiloi" {Acrobat rElec rF+ rN+
                  | Stlth-} (You found it in a treasure trove)
115596 | Trove    | Identified the ring of Sunlight {*Contam +Inv Str+4 Dex+6
                  | SInv} (You found it in a treasure trove)
115597 | Trove    | Identified the ring of Riollin {rC+ Dex+6} (You found it in
                  | a treasure trove)
115598 | Trove    | Identified the ring of Birdsong {rN+ Int+4} (You found it
                  | in a treasure trove)
115599 | Trove    | Identified the cursed ring of Starshine {rF+ rC- MR- Int-4
                  | Dex+5} (You found it in a treasure trove)
115600 | Trove    | Identified the amulet "Geepleeh" {+Inv Regen+} (You found
                  | it in a treasure trove)
115903 | Zot:5    | Noticed an ancient lich
115912 | Zot:5    | Killed an ancient lich
115936 | Zot:5    | Noticed an ancient lich
115957 | Zot:5    | Paralysed by an ancient lich for 5 turns
115965 | Zot:5    | Killed an ancient lich
115965 | Zot:5    | Reached skill level 26 in Fighting
115968 | Zot:5    | Noticed an ancient lich
115990 | Zot:5    | Killed an ancient lich
116300 | Zot:5    | Noticed an orb of fire
116310 | Zot:5    | Killed an orb of fire
116319 | Zot:5    | Noticed an orb of fire
116321 | Zot:5    | Noticed an ancient lich
116322 | Zot:5    | Gained mutation: You are weak. (Str -2) [an orb of fire]
116326 | Zot:5    | Gained mutation: You are clumsy. (Dex -2) [an orb of fire]
116332 | Zot:5    | Killed an ancient lich
116339 | Zot:5    | Killed an orb of fire
116585 | Zot:5    | Noticed an ancient lich
116604 | Zot:5    | Killed an ancient lich
116974 | Zot:5    | Noticed an orb of fire
116986 | Zot:5    | Killed an orb of fire
117012 | Zot:5    | Noticed an ancient lich
117028 | Zot:5    | Killed an ancient lich
117028 | Zot:5    | Received a gift from Trog
117231 | Zot:5    | Noticed an ancient lich
117238 | Zot:5    | Reached skill level 27 in Fighting
117283 | Zot:5    | Noticed an ancient lich
117504 | Zot:5    | Killed an ancient lich
117504 | Zot:5    | Reached skill level 15 in Shields
117638 | Zot:5    | Noticed an ancient lich
117657 | Zot:5    | Killed an ancient lich
118235 | Zot:5    | Killed an ancient lich
118339 | Zot:5    | Got the Orb of Zot
118468 | Zot:2    | Noticed a seraph
118996 | D:$      | Escaped with the Orb!

Illustrated notes

Levels and vault maps discovered:
D:1:      saegor_arrival_simple_a, layout_rooms
D:2:      minmay_skewed_foursquare, layout_basic, lemuel_coloured_pillars_altar,
          first_ration, minmay_hexomino_c4, uniq_crazy_yiuf_cottage,
          uniq_natasha
D:3:      layout_rooms, uniq_ijyb, uniq_jessica, uniq_grinder, uniq_terence
D:4:      layout_loops_corners, kennysheep_little_box,
          nicolae_dithmenos_the_darkroom, gup_sewer_entry_spiral,
          fedhas_ov_isle_minmay, uniq_eustachio, uniq_robin, uniq_sigmund
D:5:      minmay_polygon_palace, layout_loops_ring, uniq_pikel
D:6:      layout_loops_ring, minmay_temple_entry_arrows
D:7:      layout_loops_corners, elyvilon_altar_5, ashenzari_conservatory_becter,
          kennysheep_mini_moat, eat_drink_and_be_merry_uskayaw,
          overflow_temple_1_default, uniq_duvessa, uniq_joseph, uniq_maggie
D:8:      layout_basic, gup_ossuary_entry_pyramid, grunt_pizzeria,
          makhleb_heckhound_becter, uniq_maurice
D:9:      layout_basic, grunt_temple_overflow_open, dpeg_oklobed_lair,
          lemuel_flame_loot_1
D:10:     layout_basic, enter_bailey_2, kennysheep_just_a_vault
D:11:     layout_irregular_city, serial_shops, bzr_entry_customers, shop, shop,
          shop, gammafunk_ghost_arena
D:12:     layout_cave_pools, hiddenorc2_lemuel, grunt_ministairs_10
D:13:     layout_gridville, lightli_vaults_fourway_checkpoint, serial_shops,
          shop_statue, wad_dig_loot, uniq_sonja, uniq_nessos, uniq_erolcha
D:14:     layout_rooms, ebering_ghost_inner_flame, infiniplex_staircase_pool,
          library_closet
D:15:     grunt_enter_depths_hoard, layout_irregular_city, uniq_louise
Temple:   zaba_magenta_temple
Lair:1:   minmay_guarded_unrand_snakebite, layout_regular_city
Lair:2:   layout_regular_city, elwin_shoals_entry_rocks,
          minmay_snake_entry_six_corridors, grunt_megastairs_5
Lair:3:   layout_hall_layers, ice2_lemuel
Lair:4:   layout_roguey, kilobyte_rumbling_trees, minmay_lair_oklob_chamber,
          serial_bayou_shore_b, serial_bayou_shore_a
Lair:5:   layout_regular_city, basic_altar, small_statue_intersection,
          serial_bayou_lagoon_a
Lair:6:   evilmike_catoblepas_cave, layout_layer_cave,
          minmay_slime_entry_pillars, hellmonk_ghost_happy_afterlife,
          lemuel_fruit_tree, infiniplex_staircase_pool_2
Shoals:1: layout_shoals, regret_index_shoals_crete
Shoals:2: layout_shoals, serial_shops, nicolae_shop_waterfront, uniq_roxanne
Shoals:3: gammafunk_the_bubble [the_bubble_gammafunk_roulette], layout_shoals
Shoals:4: shoals_end_grunt_garden, layout_shoals, serial_shops,
          nicolae_shop_stone, gammafunk_ghost_tricky_traps
Snake:1:  layout_misc_corridors, basic_altar, serial_shops, bzr_entry_road,
          nicolae_alphabet_shops
Snake:2:  layout_cave_pods, st_stairs_10, uniq_aizul, uniq_azrael
Snake:3:  layout_cave_town
Snake:4:  snake_hunt, layout_grid_maze, st_stairs_12, grunt_ministairs_1,
          serial_bayou_shore_b
Orc:1:    layout_caves, uniq_erica
Orc:2:    grunt_orc_community_town_hall, layout_caves,
          grunt_orc_community_big_house_2, grunt_orc_community_big_house_1,
          grunt_orc_community_house_1, grunt_orc_community_house_1,
          grunt_orc_community_house_2, grunt_orc_community_house_2,
          grunt_orc_community_house_1
Elf:1:    elf_arrival_001, layout_loops_corners,
          hangedman_elven_crosses_minicolossus, kilobyte_mutagenic_chamber
Elf:2:    layout_geoelf_diagonals, serial_shops, bzr_entry_islet,
          nicolae_shop_waterfront, nicolae_shop_trees, shop,
          minmay_shop_grid_forest
Elf:3:    elf_hall, layout_geoelf_castle, serial_shops, shop_statue,
          nicolae_shop_competitors_out_of_business, minmay_misc_feat_ornament
Vaults:1: advil_vaults_ghost_guards, grunt_vaults_hallway_long, v_misc_3,
          hangedman_vaults_corner, nicolae_vaults_asterisk, grunt_vaults_funnel,
          vaults_room_door_ring, layout_vaults_big_room
Vaults:2: gammafunk_vaults_ghost_fury_of_okawaru, ontoclasm_vaults_tryst,
          minmay_crypt_entry_simple_plaza, hangedman_vaults_stagger,
          vaults_room_corners, v_misc_32, nicolae_vaults_know_your_exits,
          vaults_room_large_hall, nicolae_vaults_three_branches,
          nicolae_vaults_network_quinsquares
          [nicolae_vaults_network_quincunx_subvault,
          nicolae_vaults_network_quincunx_subvault,
          nicolae_vaults_network_quincunx_subvault,
          nicolae_vaults_network_quincunx_subvault],
          nicolae_vaults_specimen_jars, ontoclasm_vaults_fault,
          nicolae_vaults_mini_display_case, vaults_mumra_chevron,
          layout_vaults_omnicross
Vaults:3: v_misc_23, ontoclasm_vaults_pinch, dpeg_vaults_monster_box,
          vaults_dpeg_ring, ontoclasm_vaults_echo,
          nicolae_vaults_network_square, ontoclasm_vaults_idyll, v_misc_15,
          ontoclasm_vaults_eye, hangedman_vaults_snaps, hangedman_vaults_maws,
          vaults_room_corners, nicolae_vaults_little_squares_6,
          layout_vaults_ring, serial_shops, nicolae_shop_behind_doors,
          mu_enter_wizlab_6
Vaults:4: v_misc_27, v_misc_29, v_misc_25, vaults_mumra_chevron_long,
          hangedman_vaults_trim, layout_vaults_omnigrid, uniq_boris
Vaults:5
Crypt:1:  layout_gridlike, uniq_donald, uniq_jory
Crypt:2:  layout_misc_corridors, skrybe_necro_troll_1, grunt_megastairs_4
Crypt:3:  quadcrypt_mu
Depths:1: layout_cave_shapes, serial_shops, shop, hell_entry,
          minmay_misc_feat_iff, minmay_door_square, minislime_mu
Depths:2: grunt_profane_halls [grunt_profane_temple_dis,
          grunt_profane_temple_geh, grunt_profane_temple_tar,
          grunt_profane_temple_coc, grunt_profane_loot], hell_entry, abyss_entry
Depths:3: wad_pebble_path, layout_gridville, enter_ziggurat_a,
          abyss_entry_small_statue_room, minmay_stone_trees_small,
          rand_demon_pan_entry_4, hell_entry, uniq_enchantress
Depths:4: giant_chief_lemuel, layout_basic, grunt_hell_entry_dis_old,
          nemelex_xobeh_ov_fountains_minmay, ebering_ghost_disaster_area,
          hangedman_abyss_entry_splay, st_stairs_14
Depths:5: lemuel_castle_with_subvaults [lemuel_castle_interior_carwin_1],
          layout_basic, serial_shops, nicolae_shop_stone, enter_trove_2,
          abyss_entry, minmay_misc_feat_diagonals, hell_entry, st_stairs_11,
          ashenzari_altar_1, uniq_saint_roka, uniq_xtahua, uniq_mennas
Zot:1:    layout_onion_interference
Zot:2:    layout_misc_corridors
Zot:3:    layout_basic
Zot:4:    layout_gridlike, grunt_ministairs_14
Zot:5:    layout_basic, grunt_ministairs_13

Skill      XL: |  1  2  3  4  5  6  7  8  9 10 11 12 13 14 15 16 17 18 19 20 21 22 23 24 25 26 27 |
---------------+----------------------------------------------------------------------------------+-----
Stealth        | 1 2 3 5 6 10 12 14 16 18 19 20 21 22 24 | 24.0
Polearms       | 4 5 6 8 9 10 12 14 15 | 15.0
Armour         | 2 3 4 5 7 8 9 10 12 13 14 15 | 15.8
Dodging        | 2 4 6 8 9 10 12 | 12.2
Evocations     | 2 4 5 8 |  8.0
Fighting       | 4 6 8 10 11 12 14 15 16 17 18 20 21 22 27 | 27.0
Throwing       | 2 3 4 7 12 13 | 13.8
Slings         | 1 2 3 4 6 7 9 11 13 | 13.8
Maces & Flails | 2 4 6 8 9 10 | 10.6
Shields        | 4 7 9 10 15 | 15.0
Axes           | 3 9 11 | 11.8

Action                   |  1- 3 |  4- 6 |  7- 9 | 10-12 | 13-15 | 16-18 | 19-21 | 22-24 | 25-27 || total
-------------------------+-------+-------+-------+-------+-------+-------+-------+-------+-------++-------
Melee: Spear             |    78 |   231 |   768 |       |       |       |       |       |       ||  1077
       Trident           |       |       |     8 |  1089 |   828 |  1189 |  1582 |   638 |   371 ||  5705
       Constrict         |       |       |       |       |   261 |   213 |   194 |   188 |   211 ||  1067
       Halberd           |       |       |       |       |    29 |       |       |       |       ||    29
       Demon trident     |       |       |       |       |   749 |   455 |       |       |       ||  1204
       Whip              |       |       |       |       |   114 |       |       |   125 |    53 ||   292
       Morningstar       |       |       |       |       |       |     5 |       |       |       ||     5
       Broad axe         |       |       |       |       |       |       |    56 |    41 |    47 ||   144
       War axe           |       |       |       |       |       |       |       |   564 |  1437 ||  2001
 Fire: Hunting sling     |       |       |       |    41 |   203 |    34 |       |       |       ||   278
       Fustibalus        |       |       |       |       |       |   418 |   844 |   873 |   947 ||  3082
Throw: Stone             |       |    32 |    45 |    30 |       |       |       |       |       ||   107
       Dart              |       |       |     8 |    71 |   122 |     3 |    10 |     3 |     1 ||   218
       Boomerang         |       |       |       |       |       |    12 |    30 |    11 |       ||    53
       Javelin           |       |       |       |       |       |       |     3 |    41 |   154 ||   198
       Throwing net      |       |       |       |       |       |       |     1 |     1 |     7 ||     9
Invok: Berserk           |     1 |     4 |     5 |    13 |     3 |     3 |     2 |     2 |     1 ||    34
       Trog's Hand       |       |     3 |    11 |    17 |    14 |     6 |     2 |     2 |    15 ||    70
       Brothers in Arms  |       |       |       |       |     3 |       |       |       |     2 ||     5
 Abil: Spit Poison       |       |     2 |     1 |     1 |     1 |       |       |       |       ||     5
Evoke: Wand              |       |       |     4 |    19 |    27 |    18 |    10 |     3 |     8 ||    89
       Lightning rod     |       |       |       |     3 |     4 |     2 |     6 |       |     3 ||    18
  Use: Scroll            |     5 |     4 |    10 |    19 |    15 |    13 |    15 |    15 |    35 ||   131
       Potion            |       |     4 |     2 |     6 |     2 |     7 |    10 |     1 |    26 ||    58
 Stab: Sleeping          |       |     1 |    22 |    29 |    18 |     5 |    36 |    18 |    15 ||   144
       Paralysed         |       |       |     8 |    10 |     4 |     2 |       |       |       ||    24
       Distracted        |       |       |       |     3 |     2 |     1 |     3 |     5 |     3 ||    17
       Confused          |       |       |       |       |     6 |       |       |     4 |     1 ||    11
       Invisible         |       |       |       |       |       |       |     5 |       |    12 ||    17
       Held in net/web   |       |       |       |       |       |       |       |       |     4 ||     4
  Eat: Chunk             |     1 |     7 |    22 |    22 |    34 |    20 |    33 |     9 |    20 ||   168
       Ration            |       |     1 |     1 |     9 |     6 |     8 |     6 |    12 |    20 ||    63
Armor: Animal skin       |    35 |    46 |       |       |       |       |       |       |       ||    81
       Leather armour    |       |    44 |   123 |   349 |   164 |       |       |       |       ||   680
       Ring mail         |       |       |    51 |       |       |       |       |       |       ||    51
       Chain mail        |       |       |       |       |   487 |   507 |   502 |   406 |   692 ||  2594
       Skin              |       |       |       |       |       |       |     8 |       |       ||     8
Dodge: Dodged            |    44 |    72 |   139 |   261 |   323 |   219 |   328 |   391 |   596 ||  2373
Block: Kite shield       |       |       |       |       |   375 |   520 |   653 |   711 |   424 ||  2683
       Tower shield      |       |       |       |       |       |       |       |       |  1132 ||  1132
